 Dungeon Sprint DCSS version 0.19.5 (webtiles) character file.

1219 Mesmaeker13 the Grappler (level 8, -11/97 HPs)
             Began as a Troll Berserker on Apr 4, 2017.
             Was an Elder of Trog.
             Mangled by Sonja
             ... wielding a +2 dagger of distortion
              (24 damage)
             ... in the Dungeon (Sprint I: "Red Sonja").
             The game lasted 00:02:38 (542 turns).

Mesmaeker13 the Grappler (Troll Berserker)           Turns: 542, Time: 00:02:39

Health: -11/97     AC:  5    Str: 28    XL:     8   Next: 23%
Magic:  7/7        EV: 10    Int:  3    God:    Trog [****..]
Gold:   350        SH:  0    Dex:  9    Spells: 0 memorised, 7 levels left

rFire  . . .     SeeInvis .       - Unarmed
rCold  . . .     Gourm    +     a - +0 animal skin
rNeg   . . .     Faith    .     (no shield)
rPois  .         Spirit   .     (helmet restricted)
rElec  .         Reflect  .     (no cloak)
rCorr  .         Harm     .     (gloves unavailable)
MR     +....     NoTele   +     (boots unavailable)
Stlth  +.........               (no amulet)
                                (no ring)
                                (no ring)

@: exhausted, slowed, very slow
A: unfitting armour, claws 3, fast metabolism 3, gourmand, magic resistance 1,
regeneration 1, shaggy fur 1, tough skin 2
a: Berserk, Trog's Hand, Brothers in Arms, Burn Spellbooks, Renounce Religion


You were in the Dungeon.
You worshipped Trog.
Trog was greatly pleased with you.
You were very full.

You visited 1 branch You collected 405 gold pieces.
You spent 55 gold pieces at shops.

Inventory:

Armour
 a - a +0 animal skin (worn)
Scrolls
 h - a scroll of blinking
Potions
 d - a potion of heal wounds
 e - a potion of haste
 f - 2 potions of magic
 g - a potion of berserk rage
Comestibles
 b - 2 bread rations


   Skills:
 + Level 11.0 Fighting
 - Level 2.4 Dodging
 + Level 12.9 Unarmed Combat


You had 7 spell levels left.
You didn't know any spells.

Dungeon Overview and Level Annotations

Branches:
Dungeon (1/1)

Altars:
Cheibriados
Dithmenos
Elyvilon
Fedhas
Gozag
Hepliaklqana
Kikubaaqudgha
Makhleb
Nemelex Xobeh
Okawaru
Qazlal
Ru
Sif Muna
Trog
Uskayaw
Vehumet
Xom
Yredelemnul
Zin
The Shining One
Jiyva
Lugonu

Shops:
D ?

Annotations:
D Sonja


Innate Abilities, Weirdness & Mutations

You are too large for most types of armour.
You have claws for hands.
Your metabolism is lightning-fast.
You like to eat raw meat.
Your natural rate of healing is unusually fast.
You are covered in fur. (AC +1)
You have very tough skin. (AC +2)
You are resistant to hostile enchantments. (MR+)


Message History

Space warps horribly around you!
Sonja hits you with an uncursed dagger of distortion.
* * * LOW HITPOINT WARNING * * *
Sonja barely misses you. x2
You are too injured to fight recklessly!
Unknown command.
You feel better.
Sonja hits you with an uncursed dagger of distortion!
* * * LOW HITPOINT WARNING * * *
Sonja completely misses you.
Sonja hits you with an uncursed dagger of distortion.
* * * LOW HITPOINT WARNING * * *
Space warps horribly around you!
* * * LOW HITPOINT WARNING * * *
Sonja plants her feet in a plie.
Sonja hits you with an uncursed dagger of distortion.
* * * LOW HITPOINT WARNING * * *
You feel a strange sense of stasis. Sonja barely misses you.
Sonja hits you but does no damage. Space warps horribly around you!
You die...

##########################***
#<.#..').#..'..#__#..'.).#,,*
#..'..#..)..#..'..'..#.).#*+*
#..#####'#####'#__####...+,,*
#..####..#...#(####,,#####,,+
#..#__####..##[#≈≈≈,,*,,**+**
#..#_____##'#..+≈≈≈,,+,,*,,,,
#⌠⌠#_.∩...'.K._#≈≈≈,,*,,*,,,,
####_..__##_@#'#*+*****+***,,
*,,#_____###(#[#,,,,***,+,*,,
***#######*#.###*+***,***,*,,
*∩,,,,,,,,+$.$+,,,,,+,∩**,*,,
***++++***#$.$#**********,**+
*,,,,,,,**##.##*,,,,,,,**,**,
*,,,,,,,,*,#+#,*,,,,,,,,+,***
*,,*,,,,,*,,,,,*+++******,*,,
*,,,,,,,,*,,,,,*,,,,,,,,*,***


You could see Sonja.

Vanquished Creatures
  2 kobold demonologists (D)
  A slime creature (D)
  Sigmund (D)
  A yak (D)
  A floating eye (D)
  An ogre (D)
  A jelly (D)
  Ijyb (D)
9 creatures vanquished.

Vanquished Creatures (others)
  A gargoyle (D)
1 creature vanquished.

Grand Total: 10 creatures vanquished

Notes
Turn   | Place    | Note
-------+----------+-------------------------------------------
     0 | D        | Mesmaeker13 the Troll Berserker began the quest for the Orb.
     0 | D        | Reached XP level 1. HP: 22/22 MP: 0/0
     1 | D        | Noticed Ijyb
    12 | D        | Killed Ijyb
    12 | D        | Reached skill level 5 in Unarmed Combat
    12 | D        | Reached XP level 2. HP: 31/32 MP: 1/1
    18 | D        | Noticed an ogre
    21 | D        | Killed an ogre
    21 | D        | Reached skill level 5 in Fighting
    21 | D        | Reached skill level 7 in Unarmed Combat
    21 | D        | Reached XP level 3. HP: 29/44 MP: 2/2
    21 | D        | Reached XP level 4. HP: 35/52 MP: 3/3
    59 | D        | Noticed Sigmund
    81 | D        | Killed Sigmund
    81 | D        | Reached ** piety under Trog
    81 | D        | Reached skill level 9 in Unarmed Combat
    81 | D        | Reached XP level 5. HP: 21/63 MP: 4/4
    81 | D        | Reached XP level 6. HP: 24/72 MP: 5/5
   268 | D        | Found a deep blue altar of Sif Muna.
   270 | D        | Found a radiant altar of Vehumet.
   278 | D        | Found Tulem's Magic Scroll Emporium.
   278 | D        | Found an ancient bone altar of Kikubaaqudgha.
   278 | D        | Found a hazy altar of Hepliaklqana.
   278 | D        | Found a stormy altar of Qazlal.
   278 | D        | Found a hide-covered altar of Uskayaw.
   278 | D        | Found a blossoming altar of Fedhas.
   278 | D        | Found a bloodstained altar of Trog.
   278 | D        | Found an iron altar of Okawaru.
   278 | D        | Found a basalt altar of Yredelemnul.
   278 | D        | Found a glowing golden altar of the Shining One.
   278 | D        | Found a snail-covered altar of Cheibriados.
   278 | D        | Found a sacrificial altar of Ru.
   278 | D        | Found a glowing silver altar of Zin.
   278 | D        | Found a shadowy altar of Dithmenos.
   278 | D        | Found a white marble altar of Elyvilon.
   278 | D        | Noticed a yak
   284 | D        | Killed a yak
   284 | D        | Reached skill level 10 in Unarmed Combat
   286 | D        | Found an opulent altar of Gozag.
   302 | D        | Found a sparkling altar of Nemelex Xobeh.
   306 | D        | Bought a scroll of magic mapping for 35 gold pieces
   309 | D        | Bought a scroll of identify for 20 gold pieces
   310 | D        | Gained mutation: You are resistant to hostile enchantments. (MR+) [potion of beneficial mutation]
   339 | D        | Found a burning altar of Makhleb.
   339 | D        | Found a viscous altar of Jiyva.
   339 | D        | Found a shimmering altar of Xom.
   339 | D        | Found a corrupted altar of Lugonu.
   339 | D        | Noticed a slime creature
   343 | D        | Killed a slime creature
   343 | D        | Reached *** piety under Trog
   343 | D        | Reached skill level 11 in Unarmed Combat
   343 | D        | Reached XP level 7. HP: 68/84 MP: 6/6
   380 | D        | Noticed a kobold demonologist
   381 | D        | Noticed a kobold demonologist
   382 | D        | Noticed a chaos spawn
   382 | D        | Reached skill level 10 in Fighting
   383 | D        | Noticed an orange demon
   384 | D        | Noticed an orange demon
   384 | D        | Killed a gargoyle
   386 | D        | Killed a kobold demonologist
   386 | D        | Reached skill level 12 in Unarmed Combat
   391 | D        | Killed a kobold demonologist
   391 | D        | Reached **** piety under Trog
   391 | D        | Reached XP level 8. HP: 97/97 MP: 7/7
   535 | D        | Noticed Sonja
   542 | D        | Mangled by Sonja

Skill      XL: |  1  2  3  4  5  6  7 |
---------------+----------------------+-----
Fighting       | 4 5 7 9 11 | 11.0
Unarmed Combat | 5 7 9 11 12 | 12.9
Dodging        | |  2.4

Action                   |  1- 3 |  4- 6 |  7- 9 || total
-------------------------+-------+-------+-------++-------
Melee: Unarmed           |    12 |    20 |    11 ||    43
Invok: Berserk           |       |     1 |     2 ||     3
  Use: Scroll            |       |     2 |       ||     2
       Potion            |       |     1 |     1 ||     2
  Eat: Chunk             |       |     9 |     2 ||    11
Armor: Animal skin       |     3 |     2 |     5 ||    10
Dodge: Dodged            |     5 |     8 |    10 ||    23
